 Dungeon Crawl Stone Soup version 0.27.1-37-g7b29ead8ac (console) character file.

Game seed: 11969405102869651974

6 grimtooth the Caller (level 1, -1/13 HPs)
             Began as a Barachi Summoner on Sept 26, 2023.
             Slain by a quokka (2 damage)
             ... on level 1 of the Dungeon.
             The game lasted 00:05:13 (738 turns).

grimtooth the Caller (Barachi Summoner)              Turns: 738, Time: 00:05:13

Health: -1/13      AC:  4    Str:  9    XL:     1   Next: 90%
Magic:  1/3        EV: 12    Int: 15    God:
Gold:   12         SH:  0    Dex: 12    Spells: 3/4 levels left

rFire    . . .     SeeInvis .   (no weapon)
rCold    . . .     Faith    .   (no shield)
rNeg     . . .     Spirit   .   a - +0 robe
rPois    .         Reflect  .   (no helmet)
rElec    .         Harm     .   (no cloak)
rCorr    .         Rampage  .   (no gloves)
Will     .....                  d - +1 pair of boots
Stlth    ++........             (no amulet)
HPRegen  0.04/turn              (no ring)
MPRegen  0.08/turn              (no ring)

@: slow
A: amphibious, slowness 1, strong legs 1, +LOS
a: Hop


You were on level 1 of the Dungeon.
You visited 1 branch of the dungeon, and saw 1 of its levels.

You collected 12 gold pieces.

Inventory:

Missiles
 b - 25 sling bullets
 c - 22 stones (quivered)
Armour
 a - a +0 robe (worn)
 d - a +1 pair of boots (worn)


   Skills:
 - Level 2.1 Dodging
 + Level 2.0 Stealth
 - Level 2.1 Spellcasting
 * Level 5.1 Summonings


You had 3 spell levels left.
You knew the following spells:

 Your Spells              Type           Power      Damage    Failure   Level
L - Summon Small Mammal   Summ           68%        N/A       2%          1

Your spell library contained the following spells:

 Spells                   Type           Power      Damage    Failure   Level
 Call Imp                 Summ           17%        N/A       4%          2
 Call Canine Familiar     Summ           17%        N/A       8%          3
 Summon Guardian Golem    Hex/Summ       9%         N/A       22%         3
 Summon Lightning Spire   Summ/Air       9%         N/A       58%         4


Dungeon Overview and Level Annotations

Branches:
Dungeon (1/15)

Altars:

Annotations:
D:1 exclusion: kobold


Innate Abilities, Weirdness & Mutations

You are amphibious.
You cover ground slowly.
You can hop short distances.
You have an extended range of vision and can be seen from far away.


Message History

Your rat's corpse disappears in a puff of smoke!
You hit the quokka but do no damage.
The quokka is heavily wounded.
The quokka closely misses you.
You miss the quokka.
The quokka is moderately wounded.
The quokka bites you but does no damage.
You hit the quokka.
The quokka is heavily wounded.
The quokka bites you.
* * * LOW HITPOINT WARNING * * *
You aren't carrying any potions.
Enter note: - one tough quokka
As you read the scroll labelled QIYTIGR HUCE, it crumbles to dust.
It is a scroll of enchant armour.
Your +0 pair of boots glows green for a moment.
The quokka barely misses you. The quokka closely misses you.
As you read the scroll labelled SITIRE CALAFUDGH, it crumbles to dust.
It is a scroll of amnesia.
Really abort (and waste the scroll)?
Okay, then.
The quokka closely misses you.
You hit the quokka but do no damage.
The quokka is heavily wounded.
You are ready to hop once more.
The quokka bites you but does no damage.
You hit the quokka.
The quokka is severely wounded.
The quokka barely misses you.
You barely miss the quokka.
The quokka is severely wounded.
The quokka bites you but does no damage.
You barely miss the quokka.
The quokka is severely wounded.
The quokka barely misses you. The quokka bites you.
* * * LOW HITPOINT WARNING * * *
You miss the quokka.
The quokka is severely wounded.
The quokka bites you.
You die...

#.##
############.##########
#..# ##...................#
##.# #..........⌠..........
#.# #......⌠.......⌠......
#.# ###...................#
#.#
##.##..⌠[..⌠...⌠...⌠..##
#.###...##...............##
#........##.⌠....⌠....⌠.##
#####.....##.....[.....##
##...####..⌠...⌠..##
#..###@##.......## #..#
##r##..<..## #..#
#g###.>.## #..# #.# #####
.# #..# ##(###..##..#
#..###.(.#.......####
#......#(....# ...
######...#.### #.# ##g##.#
#.# # #.##.# #.# #
#.##.#### ##.###


You could see a quokka and a goblin.

Vanquished Creatures (collateral kills)
  2 hobgoblins (D:1)
  2 ball pythons (D:1)
  2 bats (D:1)
  3 rats (D:1)
9 creatures vanquished.

Notes
Turn   | Place    | Note
-------+----------+-------------------------------------------
     0 | D:1      | grimtooth the Barachi Summoner began the quest for the Orb.
     0 | D:1      | Reached XP level 1. HP: 13/13 MP: 3/3
   223 | D:1      | Reached skill level 5 in Summonings
   732 | D:1      | - one tough quokka
   738 | D:1      | Slain by a quokka

Illustrated notes

#.##
############.##########
#..# ##...................#
##.# #..........⌠..........
#.# #......⌠.......⌠......
#.# ###...................#
#.#
##.##..⌠[..⌠...⌠...⌠..##
#.###...##...............##
#........##.⌠....⌠....⌠.##
#####.....##.....[.....##
##...####..⌠...⌠..##
#..###@##.......## #..#
##r##..<..## #..#
#g###.>.## #..# #.# #####
.# #..# ##(###..##..#
#..###.(.#.......####
#......#(....# ...
######...#.### #.# ##g##.#
#.# # #.##.# #.# #
#.##.#### ##.###


Turn 732 on D:1: - one tough quokka

Levels and vault maps discovered:
D:1:      dpeg_arrival_lava_temple_mockup, layout_loops_ring,
          minmay_split_cup_large

Skill      XL: |  1 |
---------------+----+-----
Summonings     | 5 |  5.1
Stealth        | 2 |  2.0
Dodging        | |  2.1
Spellcasting   | |  2.1

Action                   || total
-------------------------++-------
Melee: Unarmed           ||    15
Throw: Stone             ||     8
 Cast: Summon Small Mamm ||    21
 Abil: Hop               ||     2
  Use: Scroll            ||     2
 Stab: Sleeping          ||     1
Armor: Robe              ||    15
Dodge: Dodged            ||    27
